 Dungeon Crawl Stone Soup version 0.19-a0-1091-g463c9de (webtiles) character file.

1458 mistymad the Shield-Bearer (level 9, -3/69 HPs)
             Began as a Formicid Fighter on Aug 7, 2016.
             Slain by a troll (6 damage)
             ... on level 7 of the Dungeon.
             The game lasted 00:11:20 (6035 turns).

mistymad the Shield-Bearer (Formicid Fighter)       Turns: 6035, Time: 00:11:21

Health: -3/69      AC:  7    Str: 24    XL:     9   Next: 5%
Magic:  9/9        EV: 11    Int:  8    God:
Gold:   269        SH: 11    Dex: 10    Spells: 0 memorised, 8 levels left

rFire  . . .     SeeInvis +     a - +0 quarterstaff
rCold  . . .     Gourm    .     b - +0 scale mail
rNeg   . . .     Faith    .     c - +0 shield
rPois  .         Spirit   .     (helmet unavailable)
rElec  .         Dismiss  .     (no cloak)
rCorr  .         Reflect  .     (no gloves)
SustAt .         Harm     .     (no boots)
MR     .....                    (no amulet)
Stlth  ..........               (no ring)
                                w - ring of teleportation (curse)

@:
A: permanent stasis, dig shafts and tunnels, four strong arms, antennae 3
a: Dig, Shaft Self


You were on level 7 of the Dungeon.
You were hungry.

You visited 1 branch of the dungeon, and saw 7 of its levels.

You collected 269 gold pieces.

Inventory:

Hand Weapons
 a - a +0 quarterstaff (weapon)
Armour
 b - a +0 scale mail (worn)
 c - a +0 shield (worn)
Jewellery
 w - a cursed ring of teleportation (left hand)
 z - an uncursed ring of fire {unknown}
Wands
 y - a wand of heal wounds (3/9)
 B - a wand of iceblast (8/15)
 D - a wand of lightning (12/15)
 E - a wand of random effects (31/48)
Scrolls
 e - 2 scrolls of noise {unknown}
 g - 2 scrolls of fog {unknown}
 h - 3 scrolls of fear {unknown}
 i - 4 scrolls of remove curse {unknown}
 j - 5 scrolls of identify {unknown}
 m - 4 scrolls of teleportation {unknown}
 r - 3 scrolls of enchant weapon {unknown}
 s - a scroll of immolation {unknown}
 u - a scroll of blinking {unknown}
Potions
 d - 2 potions of might
 k - a potion of brilliance {unknown}
 l - a potion of heal wounds {unknown}
 n - 4 potions of curing
 p - a potion of cure mutation {unknown}
 q - a potion of resistance {unknown}
 v - 2 potions of flight {unknown}
 x - a potion of degeneration {unknown}
 A - a potion of haste {unknown}
Comestibles
 f - 5 bread rations
 o - a royal jelly
 t - 2 meat rations
 C - 4 chunks of flesh


   Skills:
 + Level 6.0 Fighting
 + Level 5.1 Staves
 + Level 6.0 Armour
 + Level 4.0 Dodging
 + Level 6.8 Shields


You had 8 spell levels left.
You didn't know any spells.

Dungeon Overview and Level Annotations

Branches:
Dungeon (7/15)
 Temple: D:4-7

Altars:
Cheibriados
Kikubaaqudgha
Makhleb
Nemelex Xobeh
Qazlal
Yredelemnul

Annotations:
D:6 Sigmund


Innate Abilities, Weirdness & Mutations

You are under a permanent stasis effect.
You can dig through walls and to a lower floor.
Your four strong arms can wield two-handed weapons with a shield.
You have a pair of large antennae on your head. (SInv)


Message History

You barely miss the troll.
The troll is almost dead.
The troll bites you!
* * * LOW HITPOINT WARNING * * *
The troll closely misses you. You block the troll's attack.
You take 7 damage, and have 3/69 hp.
Wield which item (- for none, * to show all)? (? for menu, Esc to quit)
Okay, then.
It was a potion of curing.
You feel better. The troll barely misses you. You block the troll's attack.
The troll claws you.
* * * LOW HITPOINT WARNING * * *
You regained 10 hp, and now have 13/69 hp.
You closely miss the troll.
The troll is severely wounded.
The troll bites you.
* * * LOW HITPOINT WARNING * * *
You block the troll's attack. x2; The troll bites you.
* * * LOW HITPOINT WARNING * * *
The troll claws you.
You die...

##### ......
......############
.......!..........
...........###########
......####.T@.........
####. ######....#### {
# #....<.#### #.######


You could see a troll.

Vanquished Creatures
  A necrophage (D:5)
  A phantom (D:5)
  A wyvern zombie (D:6)
  A giant frog (D:5)
  A scorpion (D:4)
  A vampire bat (D:6)
  4 wights (D:6)
  A crimson imp (D:5)
  A giant frog zombie (D:6)
  A centaur zombie (D:6)
  4 hounds
  A jelly (D:7)
  3 orc priests
  6 orc wizards
  5 worker ants
  2 iguanas (D:5)
  2 hound skeletons
  3 gnolls (D:3)
  5 adders
  2 shadow imps
  An ooze (D:1)
  2 adder skeletons
  3 worms
  3 dart slugs
  2 giant geckos
  22 orcs
  7 bats
  3 giant cockroaches
  8 goblins
  8 hobgoblins
  3 jackals (D:1)
  2 quokkas
  A giant newt (D:2)
  A jackal skeleton (D:4)
  4 kobolds
  7 rats
123 creatures vanquished.

Vanquished Creatures (others)
  A goblin (D:3)
1 creature vanquished.

Grand Total: 124 creatures vanquished

Notes
Turn   | Place    | Note
-------+----------+-------------------------------------------
     0 | D:1      | mistymad the Formicid Fighter began the quest for the Orb.
     0 | D:1      | Reached XP level 1. HP: 18/18 MP: 1/1
   176 | D:1      | Reached XP level 2. HP: 24/24 MP: 2/2
   495 | D:1      | Reached skill level 1 in Dodging
   495 | D:1      | Reached XP level 3. HP: 29/29 MP: 3/3
  1403 | D:2      | Reached XP level 4. HP: 36/36 MP: 4/4
  1534 | D:2      | Found a snail-covered altar of Cheibriados.
  2114 | D:3      | Reached XP level 5. HP: 29/42 MP: 5/5
  2425 | D:3      | Found a basalt altar of Yredelemnul.
  2560 | D:3      | Found a sparkling altar of Nemelex Xobeh.
  2703 | D:4      | Noticed a water elemental
  2705 | D:4      | Found a stormy altar of Qazlal.
  2706 | D:4      | Noticed a fire elemental
  2706 | D:4      | Noticed an air elemental
  2958 | D:4      | Reached XP level 6. HP: 44/48 MP: 6/6
  3562 | D:4      | Reached skill level 5 in Shields
  3750 | D:5      | Entered Level 5 of the Dungeon
  3752 | D:5      | Noticed a phantom
  3755 | D:5      | Reached XP level 7. HP: 51/55 MP: 7/7
  4220 | D:5      | Reached skill level 5 in Armour
  4224 | D:5      | Reached skill level 5 in Fighting
  4473 | D:5      | Reached XP level 8. HP: 62/62 MP: 8/8
  4726 | D:6      | Noticed Sigmund
  5306 | D:6      | Found a burning altar of Makhleb.
  5347 | D:6      | Found an ancient bone altar of Kikubaaqudgha.
  5898 | D:6      | Reached skill level 5 in Staves
  5898 | D:6      | Reached XP level 9. HP: 69/69 MP: 9/9
  6003 | D:7      | Noticed a troll
  6033 | D:7      | HP: 3/69 [troll (8)]
  6035 | D:7      | Slain by a troll

Vault maps used:
D:1:      lemuel_arrival_funnel
D:2:      cheibriados_altar_1, first_bread
D:3:      lemuel_coloured_pillars_altar, nemelex_altar_shiori
D:4:      nicolae_qazlal_style_of_elements, hangedman_glass_garden
D:6:      nicolae_overflow_hidden_temple, lemuel_round_altar, roderic_batcave,
          grunt_decor_mini_mirrors, uniq_sigmund
D:7:      tso_oasis_becter, kennysheep_mini_moat, trog_butcher_becter

Skill      XL: |  1  2  3  4  5  6  7  8  9 |
---------------+----------------------------+-----
Dodging        | 1 2 3 4 |  4.0
Shields        | 4 5 6 |  6.8
Armour         | 4 5 6 |  6.0
Fighting       | 4 5 6 |  6.0
Staves         | 3 4 5 |  5.1

Action                   |  1- 3 |  4- 6 |  7- 9 || total
-------------------------+-------+-------+-------++-------
Melee: Quarterstaff      |    76 |   208 |   238 ||   522
 Abil: Dig               |       |     1 |     3 ||     4
  Use: Potion            |       |       |     1 ||     1
  Eat: Chunk             |     1 |     9 |     7 ||    17
Armor: Scale mail        |    31 |    50 |    71 ||   152
Dodge: Dodged            |    24 |    60 |    70 ||   154
Block: Shield            |    44 |   108 |   106 ||   258
